 Dungeon Crawl Stone Soup version 0.19.0 (webtiles) character file.

40007 Eucla the Severer (level 14, -3/105 HPs)
             Began as a Gargoyle Berserker on Nov 16, 2016.
             Was a High Priest of Trog.
             Slain by a 13-headed hydra (7 damage)
             ... on level 6 of the Lair of Beasts.
             The game lasted 00:28:43 (15874 turns).

Eucla the Severer (Gargoyle Berserker)             Turns: 15874, Time: 00:28:43

Health: -3/105     AC: 32    Str: 21    XL:     14   Next: 9%
Magic:  14/14      EV:  9    Int: 12    God:    Trog [*****.]
Gold:   717        SH:  0    Dex: 18    Spells: 0 memorised, 13 levels left

rFire  . . .     SeeInvis .     f - +2 war axe (distort)
rCold  + + +     Gourm    .     u - +0 plate armour
rNeg   + + +     Faith    .     (no shield)
rPois  ∞         Spirit   .     U - +1 helmet
rElec  +         Reflect  .     v - +2 cloak {MR+}
rCorr  .         Harm     .     K - +0 pair of gloves
MR     ++...     NoTele   +     T - +1 pair of boots "Fyloer" {-Tele rC+++ rN+ Int+3}
Stlth  ..........               (no amulet)
                                B - ring "Qasch" {+Blink rC+ rN++ Str-4 Dex+5}
                                o - +4 ring of strength

@: exhausted, slowed, very slow
A: big wings, negative energy resistance 1, robust 1, electricity resistance,
unbreathing, petrification resistance, rot immunity, AC +9
a: Fly, Berserk, Trog's Hand, Brothers in Arms, Burn Spellbooks, Renounce
Religion, Evoke Blink


You were on level 6 of the Lair of Beasts.
You worshipped Trog.
Trog was extremely pleased with you.
You were full.

You visited 2 branches of the dungeon, and saw 18 of its levels.
You also visited: Labyrinth.

You collected 981 gold pieces.
You spent 264 gold pieces at shops.

Inventory:

Hand Weapons
 f - a +2 war axe of distortion (weapon)
 m - a +3 antimagic executioner's axe
 q - a +4 executioner's axe of venom
 Y - a +0 broad axe of flaming
Armour
 u - a +0 plate armour (worn)
 v - a +2 cloak of magic resistance (worn)
 K - a +0 pair of gloves (worn)
 T - the +1 pair of boots "Fyloer" (worn) {-Tele rC+++ rN+ Int+3}
   (You found it on level 6 of the Lair of Beasts)

   It affects your intelligence (+3).
   It renders you almost immune to cold.
   It protects you from negative energy.
   It prevents most forms of teleportation.
 U - a +1 helmet (worn)
Jewellery
 b - an uncursed ring of fire
 n - an uncursed ring of resist corrosion
 o - a +4 ring of strength (left hand)
 r - an uncursed ring of see invisible
 B - the ring "Qasch" (right hand) {+Blink rC+ rN++ Str-4 Dex+5}
   (You found it in a labyrinth)

   [ring of protection from cold]

   It affects your strength (-4).
   It affects your dexterity (+5).
   It protects you from cold.
   It greatly protects you from negative energy.
   It lets you blink.
 C - an uncursed ring of positive energy
 O - an uncursed ring of protection from cold
Wands
 a - a wand of digging (19/24)
 p - a wand of polymorph (13/24)
 y - a wand of disintegration (17/24)
 H - a wand of iceblast (5/15)
 L - a wand of lightning (4/15)
 M - a wand of disintegration (11/24)
 Q - a wand of lightning (5/15)
Scrolls
 e - 8 scrolls of teleportation
 i - a scroll of remove curse
 s - 3 scrolls of fog
 t - 4 scrolls of magic mapping
 E - 2 scrolls of recharging
 F - 2 scrolls of blinking
 G - 2 scrolls of enchant armour
 J - 2 scrolls of enchant weapon
 V - a scroll of fear
Potions
 g - a potion of cure mutation
 h - 11 potions of curing
 j - a potion of haste
 k - 2 potions of might
 l - 4 potions of heal wounds
 w - 3 potions of agility
 x - a potion of lignification {unknown}
 z - 2 potions of flight
 A - 2 potions of cancellation
 I - 2 potions of berserk rage
 N - 2 potions of invisibility
 P - a potion of magic
 S - 4 potions of ambrosia
Books
 D - a Young Poisoner's Handbook

   Spells                             Type                      Level
   a - Sting                          Conjuration/Poison           1
   b - Mephitic Cloud                 Conjuration/Poison/Air       3
   c - Olgreb's Toxic Radiance        Poison                       4
   d - Alistair's Intoxication        Transmutation/Poison         5
   e - Venom Bolt                     Conjuration/Poison           5
   Trog disapproves of the use of such an item.
Comestibles
 c - 13 bread rations
 d - 4 fruits
 R - 4 meat rations


   Skills:
 + Level 14.1 Fighting
 - Level 16.0 Axes
 + Level 7.1 Armour
 + Level 5.5 Dodging


You had 13 spell levels left.
You didn't know any spells.

Dungeon Overview and Level Annotations

Branches:
Dungeon (12/15)            Temple (0/1) D:4            Lair (6/6) D:10
 Shoals (0/4) Lair:4       Spider (0/4) Lair:4        Slime (0/5) Lair:6
    Orc (0/2) D:11

Altars:
Makhleb
Okawaru
Ru
Trog
Yredelemnul
Jiyva

Shops:
D:9 ?


Innate Abilities, Weirdness & Mutations

You are resistant to torment.
Your stone body is resilient. (AC +9)
You are immune to poison.
Your large and strong wings let you fly indefinitely.
You resist negative energy. (rN+)
You are resistant to electric shocks. (rElec)
You can survive without breathing.
You are immune to petrification.
You are immune to rotting.
You are robust. (+10% HP)


Message History

* * * LOW HITPOINT WARNING * * *
The 13-headed hydra bites you but does no damage.
The 13-headed hydra bites you.
* * * LOW HITPOINT WARNING * * *
The 13-headed hydra bites you but does no damage. x3
The 13-headed hydra completely misses you.
The 13-headed hydra bites you but does no damage.
The 13-headed hydra barely misses you.
The 13-headed hydra bites you but does no damage. x2
The hell hound barely misses you.
The black mamba bites you but does no damage.
The hell hound bites you.
* * * LOW HITPOINT WARNING * * *
The hell hound bites you but does no damage.
The 13-headed hydra bites you but does no damage. x2
The 13-headed hydra bites you.
* * * LOW HITPOINT WARNING * * *
The 13-headed hydra bites you but does no damage. x3
The 13-headed hydra bites you!
You die...

###...#.P...P..#
##(.......P.##.## #.≈
#........P.....# #8.##
#.........PP..# ....##
###............## .....##
#.#...<........# ##......#
##..........P.## ##.......#
#.....#†P...Sh####........
####.....#....#@h....)...##≈≈≈
#............##Dh..........#
##.......#...#...###.........§
##....###..#.#.)######......#
##...# ###.......## ##.....
##.## #.........### #..#. #.#
#..†...#)...### ### ###
#......#..†.#.#
#.P..##.#.....##


You could see a 13-headed hydra, a black mamba and 3 hell hounds.

Vanquished Creatures
  A minotaur (Lab)
  Josephine (D:10)
  The ghost of Tiruin the Basher, a journeyman MiMo of Hepliaklqana (Lair:2)
  2 death yaks (Lair:4)
  Nergalle (Lair:1)
  An unseen horror (D:11)
  A hill giant (D:10)
  Pikel (D:9)
  A deep elf mage (D:12)
  15 elephants
  3 black mambas
  A siren (Lair:4)
  Maurice (D:9)
  A molten gargoyle (Lair:6)
  12 spiny frogs
  A centaur skeleton (D:11)
  A rime drake (Lair:4)
  10 komodo dragons
  A troll (D:11)
  A queen bee (D:8)
  A two-headed ogre (D:11)
  7 hippogriffs
  A redback (Lair:4)
  5 wraiths
  38 yaks
  Sigmund (D:2)
  A vampire (D:9)
  3 wyverns
  3 basilisks
  6 water moccasins
  7 porcupines
  5 sky beasts
  2 ice beasts (D:9)
  2 orc warriors
  2 necrophages (D:11)
  4 wolves (Lair:3)
  3 slaves (D:9)
  7 ogres
  4 phantoms
  6 centaurs
  2 big kobolds
  7 crocodiles
  14 bullfrogs
  A water moccasin zombie (D:7)
  A wyvern skeleton (D:9)
  4 scorpions
  4 wights
  19 killer bees
  A howler monkey (D:4)
  2 electric eels
  12 crimson imps
  2 centaur zombies
  A jelly (D:11)
  A bullfrog zombie (D:9)
  6 orc priests
  5 hounds
  6 orc wizards
  6 iguanas
  2 bullfrog skeletons
  4 human zombies (D:11)
  8 worker ants
  A hound zombie (D:9)
  A hound skeleton (D:5)
  4 mummies (D:11)
  Robin (D:3)
  18 gnolls
  15 adders
  4 river rats (D:10)
  3 shadow imps
  3 oozes
  An adder skeleton (D:4)
  A worm (D:2)
  A dart slug (D:2)
  6 leopard geckos
  34 orcs
  2 ball pythons
  2 giant cockroaches
  19 goblins
  11 hobgoblins
  5 jackals
  6 quokkas
  18 bats
  5 frilled lizards
  10 kobolds
  A leopard gecko skeleton (D:8)
  An orc skeleton (D:11)
  A quokka zombie (D:5)
  19 rats
  6 fungi
  9 plants
481 creatures vanquished.

Vanquished Creatures (collateral kills)
  Fannar (Lair:1)
  2 hydras (Lair:5)
  A hill giant (D:12)
  An electric eel (Lair:1)
5 creatures vanquished.

Vanquished Creatures (others)
  3 komodo dragons
  8 fungi
  7 plants
18 creatures vanquished.

Grand Total: 504 creatures vanquished

Notes
Turn   | Place    | Note
-------+----------+-------------------------------------------
     0 | D:1      | Eucla the Gargoyle Berserker began the quest for the Orb.
     0 | D:1      | Reached XP level 1. HP: 14/14 MP: 1/1
    51 | D:1      | Reached skill level 3 in Axes
   149 | D:1      | Reached XP level 2. HP: 13/19 MP: 2/2
   383 | D:2      | Reached XP level 3. HP: 13/23 MP: 3/3
   673 | D:2      | Reached ** piety under Trog
   734 | D:2      | Noticed Sigmund
   749 | D:2      | Killed Sigmund
   749 | D:2      | Reached skill level 4 in Axes
   749 | D:2      | Reached XP level 4. HP: 7/30 MP: 4/4
   749 | D:2      | Reached XP level 5. HP: 8/34 MP: 5/5
   773 | D:2      | Reached skill level 5 in Axes
   889 | D:2      | Reached XP level 6. HP: 19/39 MP: 6/6
  1490 | D:3      | Reached skill level 5 in Fighting
  1908 | D:3      | Noticed Robin
  1918 | D:3      | Killed Robin
  1923 | D:3      | Reached *** piety under Trog
  2314 | D:4      | Found a staircase to the Ecumenical Temple.
  2424 | D:4      | Reached XP level 7. HP: 42/44 MP: 7/7
  2441 | D:4      | Reached skill level 6 in Axes
  2759 | D:4      | Found a basalt altar of Yredelemnul.
  3132 | D:4      | Found a bloodstained altar of Trog.
  3133 | D:4      | Found an iron altar of Okawaru.
  3166 | D:5      | Entered Level 5 of the Dungeon
  3201 | D:5      | Reached skill level 7 in Axes
  3208 | D:5      | Reached **** piety under Trog
  3516 | D:5      | Reached XP level 8. HP: 47/52 MP: 8/8
  3543 | D:5      | Reached skill level 8 in Axes
  3964 | D:6      | Reached skill level 9 in Axes
  3964 | D:6      | Reached XP level 9. HP: 54/57 MP: 9/9
  4767 | D:7      | Reached skill level 10 in Axes
  5147 | D:8      | Reached ***** piety under Trog
  5201 | D:8      | Reached XP level 10. HP: 64/66 MP: 10/10
  5235 | D:8      | Reached skill level 11 in Axes
  5261 | D:8      | Gained mutation: Your muscles are strong. (Str +2) [mutagenic meat]
  5262 | D:8      | Gained mutation: You are clumsy. (Dex -2) [mutagenic meat]
  6037 | D:9      | Noticed Maurice
  6172 | D:9      | Reached skill level 10 in Fighting
  6228 | D:9      | Noticed Pikel
  6255 | D:9      | Killed Pikel
  6255 | D:9      | Reached skill level 12 in Axes
  6309 | D:9      | Killed Maurice
  6309 | D:9      | Received a gift from Trog
  6808 | D:9      | Gained mutation: You regenerate slowly when monsters are visible. [mutagenic meat]
  6827 | D:9      | Found Hoin Wieqo's Magic Scroll Shoppe.
  6832 | D:9      | Bought a scroll of identify for 32 gold pieces
  6832 | D:9      | Bought a scroll of teleportation for 48 gold pieces
  6832 | D:9      | Bought a scroll of teleportation for 48 gold pieces
  6832 | D:9      | Bought a scroll of identify for 32 gold pieces
  6832 | D:9      | Bought a scroll of teleportation for 48 gold pieces
  6832 | D:9      | Bought a scroll of fear for 56 gold pieces
  6870 | D:9      | Reached XP level 11. HP: 63/73 MP: 11/11
  7247 | D:10     | Entered Level 10 of the Dungeon
  7262 | D:10     | Found a burning altar of Makhleb.
  7377 | D:10     | Found a staircase to the Lair.
  7468 | D:10     | Noticed a hill giant
  7482 | D:10     | Killed a hill giant
  7689 | D:10     | Gained mutation: You are robust. (+10% HP) [potion of mutation]
  7689 | D:10     | Lost mutation: Your muscles are strong. (Str +2) [potion of mutation]
  7689 | D:10     | Gained mutation: You are dopey. (Int -2) [potion of mutation]
  7896 | D:10     | Reached skill level 13 in Axes
  7898 | D:10     | Noticed Josephine
  7907 | D:10     | Killed Josephine
  8722 | D:11     | Found a staircase to the Orcish Mines.
  8744 | D:11     | Gained mutation: Your muscles are strong. (Str +2) [mutagenic meat]
  8746 | D:11     | Lost mutation: You regenerate slowly when monsters are visible. [mutagenic meat]
  8747 | D:11     | Gained mutation: Scrolls take you a little longer to read. [mutagenic meat]
  8916 | D:11     | Killed an unseen horror
  9086 | D:11     | Reached skill level 14 in Axes
  9133 | D:11     | Reached XP level 12. HP: 82/89 MP: 12/12
  9249 | D:11     | Found a basalt altar of Yredelemnul.
  9344 | D:11     | Reached ****** piety under Trog
  9546 | D:12     | Found a labyrinth entrance.
  9553 | Lab      | Entered a labyrinth
  9672 | Lab      | Noticed a minotaur
  9686 | Lab      | Killed a minotaur
  9695 | Lab      | Identified the Volume of Enchantment
  9712 | Lab      | Identified the Tome of Dusty Enhancements
  9717 | Lab      | Got a pitted steel ring
  9722 | Lab      | Identified the ring "Qasch" {+Blink rC+ rN++ Str-4 Dex+5} (You found it in a labyrinth)
  9847 | D:12     | Found a sacrificial altar of Ru.
 10047 | D:12     | Received a gift from Trog
 10840 | Lair:1   | Entered Level 1 of the Lair of Beasts
 11003 | Lair:1   | Noticed Nergalle
 11021 | Lair:1   | Killed Nergalle
 11116 | Lair:1   | Noticed Fannar
 11140 | Lair:1   | Killed Fannar
 12403 | Lair:2   | Noticed Tiruin's ghost (journeyman MiMo)
 12418 | Lair:2   | Killed Tiruin's ghost
 12657 | Lair:3   | Reached XP level 13. HP: 96/96 MP: 13/13
 12794 | Lair:3   | Reached skill level 5 in Armour
 13057 | Lair:3   | Identified a scroll of acquirement
 13070 | Lair:3   | Lost mutation: You are dopey. (Int -2) [potion of cure mutation]
 13070 | Lair:3   | Lost mutation: Scrolls take you a little longer to read. [potion of cure mutation]
 13070 | Lair:3   | Lost mutation: Your muscles are strong. (Str +2) [potion of cure mutation]
 13070 | Lair:3   | Lost mutation: You are clumsy. (Dex -2) [potion of cure mutation]
 13596 | Lair:4   | Found a hole to the Spider Nest.
 13767 | Lair:4   | Reached skill level 15 in Axes
 14302 | Lair:4   | Found a staircase to the Shoals.
 14527 | Lair:4   | Received a gift from Trog
 14666 | Lair:4   | Reached skill level 16 in Axes
 15583 | Lair:6   | Entered Level 6 of the Lair of Beasts
 15611 | Lair:6   | Reached skill level 5 in Dodging
 15630 | Lair:6   | Found a viscous altar of Jiyva.
 15645 | Lair:6   | Got a pair of transparent boots
 15675 | Lair:6   | Identified the +1 pair of boots "Fyloer" {-Tele rC+++ rN+ Int+3} (You found it on level 6 of the Lair of Beasts)
 15684 | Lair:6   | Found a staircase to the Slime Pits.
 15774 | Lair:6   | Gained mutation: Your large and strong wings let you fly indefinitely. [Gargoyle growth]
 15774 | Lair:6   | Reached XP level 14. HP: 86/105 MP: 14/14
 15874 | Lair:6   | HP: 4/105 [13-headed hydra (3)]
 15874 | Lair:6   | Slain by a 13-headed hydra

Skill      XL: |  1  2  3  4  5  6  7  8  9 10 11 12 13 14 |
---------------+-------------------------------------------+-----
Axes           | 3 4 5 7 9 10 12 14 16 | 16.0
Fighting       | 4 5 6 7 9 10 12 13 14 | 14.1
Dodging        | 3 5 |  5.5
Armour         | 4 6 7 |  7.1

Action                   |  1- 3 |  4- 6 |  7- 9 | 10-12 | 13-15 || total
-------------------------+-------+-------+-------+-------+-------++-------
Melee: Hand axe          |    66 |   234 |   511 |  1079 |   103 ||  1993
       Executioner's axe |       |       |       |     7 |       ||     7
       War axe           |       |       |       |       |   217 ||   217
       Broad axe         |       |       |       |       |    65 ||    65
Invok: Berserk           |     2 |     1 |     5 |     7 |     5 ||    20
       Trog's Hand       |     1 |     1 |     1 |       |     1 ||     4
       Burn Spellbooks   |       |       |     1 |     4 |     1 ||     6
       Brothers in Arms  |       |       |       |     3 |     3 ||     6
Evoke: Wand              |       |       |       |     1 |       ||     1
  Use: Potion            |       |     2 |     3 |     1 |     1 ||     7
       Scroll            |       |       |       |    30 |     5 ||    35
  Eat: Chunk             |       |     9 |    10 |    12 |     1 ||    32
       Fruit             |       |       |     5 |       |    17 ||    22
       Royal jelly       |       |       |     2 |     7 |     1 ||    10
       Pizza             |       |       |     2 |       |     1 ||     3
       Beef jerky        |       |       |     2 |     4 |     1 ||     7
Armor: Animal skin       |    17 |       |       |       |       ||    17
       Ring mail         |     6 |    66 |       |       |       ||    72
       Plate armour      |       |   114 |   430 |   652 |   278 ||  1474
Dodge: Dodged            |    50 |   116 |   168 |   281 |   136 ||   751
